Map: 애씨드 플랜트 - 래더

Players

Dark

  • Race: Zerg Zerg
  • Spawn Location: 11:00

Hurricane - Winner!

  • Race: Protoss Protoss
  • Spawn Location: 5:00

Event: IEM Season 12 - Katowice

VOD

Have the link to the VOD?

Description

Time

  • Played on: March 1, 2018, 11:12 a.m.
  • Length: 16:05

All games in this series

Show
View Real Time Build Order
Export as new Build Order

Dark Zerg 

Build Orders: Hatch First, Swarm Host 

Get SALT Encoding   

  12  0:00  Drone  
  13  0:12  Overlord  
  13  0:17  Drone  
  14  0:30  Drone x2  
  14  0:34  Drone  
  17  0:51  Hatchery  
  17  0:55  Drone  
  17  0:58  Drone  
  18  1:09  Extractor  
  17  1:12  Spawning Pool  
  17  1:15  Drone  
  17  1:20  Drone  
  18  1:30  Drone  
  19  1:40  Drone  
  20  1:51  Drone  
  21  1:57  Hatchery  
  21  2:00  Drone  
  21  2:02  Queen  
  23  2:10  Metabolic Boost  
  23  2:13  Drone  
  24  2:16  Drone  
  24  2:21  Overlord  
  25  2:25  Drone  
  25  2:27  Drone  
  27  2:34  Zergling x2  
  28  2:39  Queen  
  28  2:41  Zergling x2  
  28  2:43  Zergling x2  
  32  2:52  Overlord  
  32  2:53  Drone  
  33  3:00  Drone  
  34  3:05  Zergling x2  
  34  3:09  Zergling x2  
  34  3:10  Queen, Zergling x2  
  34  3:11  Zergling x2  
  40  3:13  Zergling x2  
  40  3:17  Drone x2  
  43  3:23  Drone x2  
  43  3:27  Drone  
  46  3:32  Spore Crawler  
  45  3:35  Spore Crawler  
  45  3:37  Spore Crawler  
  45  3:38  Drone x3  
  46  3:43  Drone x2  
  48  3:49  Drone x2  
  49  4:02  Zergling x6  
  48  4:08  Drone x3  
  49  4:17  Drone x3  
  49  4:21  Drone  
  49  4:24  Lair, Overlord  
  49  4:25  Drone  
  49  4:31  Overlord  
  50  4:35  Overlord  
  50  4:42  Queen  
  50  4:43  Drone x3  
  50  4:44  Drone x2  
  50  4:45  Drone  
  58  4:48  Overlord  
  58  4:50  Drone  
  58  4:51  Drone  
  59  4:53  Drone  
  59  4:54  Drone  
  59  4:57  Drone x2  
  63  5:00  Extractor  
  63  5:03  Drone x3  
  63  5:06  Extractor  
  65  5:07  Drone  
  65  5:09  Evolution Chamber, Overlord  
  65  5:13  Drone x2  
  65  5:20  Drone  
  65  5:21  Drone x2  
  68  5:22  Drone x3  
  68  5:26  Hydralisk Den  
  70  5:30  Extractor  
  70  5:34  Drone x2  
  71  5:36  Zerg Missile Weapons Level 1  
  71  5:41  Drone x3  
  71  5:42  Drone x2  
  75  5:46  Overlord  
  75  5:47  Overlord  
  74  5:56  Hydralisk x4  
  82  6:00  Overlord  
  82  6:03  Extractor  
  80  6:05  Hydralisk x2  
  80  6:06  Zergling x2  
  80  6:07  Zergling x10  
  80  6:08  Hydralisk  
  92  6:18  Grooved Spines  
  91  6:26  Hydralisk  
  91  6:28  Zergling x4  
  91  6:29  Zergling x6  
  97  6:33  Drone x4  
  97  6:34  Drone x2  
  97  6:37  Extractor  
  102  6:43  Hydralisk  
  102  6:45  Overlord  
  104  6:49  Overlord  
  104  6:58  Overlord  
  104  7:00  Drone  
  105  7:03  Baneling Nest  
  105  7:04  Hydralisk x4  
  105  7:06  Drone, Hatchery  
  112  7:10  Hatchery  
  110  7:19  Drone  
  110  7:22  Overseer  
  111  7:24  Hydralisk x6  
  111  7:26  Overseer  
  123  7:31  Overlord, Hatchery  
  123  7:32  Zerg Missile Weapons Level 2  
  122  7:41  Overlord  
  122  7:47  Centrifical Hooks  
  122  7:48  Drone  
  122  7:49  Drone  
  124  7:52  Overlord  
  124  7:54  Drone  
  124  7:55  Infestation Pit  
  124  8:02  Hatchery  
  123  8:07  Drone  
  123  8:13  Zergling x22  
  123  8:16  Muscular Augments  
  132  8:20  Overseer  
  132  8:31  Drone  
  132  8:32  Drone x6  
  132  8:33  Drone x2  
  139  8:35  Drone  
  139  8:37  Baneling x5  
  139  8:38  Baneling x3  
  139  8:40  Overlord  
  140  8:43  Hive  
  140  8:51  Drone x2  
  140  8:52  Drone  
  140  8:53  Extractor  
  142  8:56  Extractor  
  142  8:58  Zergling x16  
  147  9:05  Baneling x6  
  146  9:13  Overlord x3  
  146  9:18  Spine Crawler  
  146  9:20  Hatchery  
  146  9:22  Overlord  
  144  9:30  Swarm Host  
  144  9:31  Swarm Host x9  
  171  9:43  Zergling x16  
  179  9:47  Zergling x8  
  179  9:48  Zerg Melee Weapons Level 1, Zergling x6  
  179  9:50  Baneling x5  
  179  9:51  Baneling x3  
  186  9:55  Adrenal Glands  
  186  10:00  Baneling x5  
  186  10:04  Drone x4  
  186  10:05  Spore Crawler  
  187  10:12  Zergling x4  
  187  10:13  Zergling x8  
  192  10:16  Baneling x3  
  188  10:22  Baneling x6  
  188  10:29  Baneling  
  188  10:32  Baneling x9  
  188  10:33  Baneling x5  
  184  10:36  Zergling x16  
  184  10:37  Zergling x6  
  184  10:41  Zergling x10  
  187  10:51  Drone x3, Spire  
  187  10:53  Zergling x8  
  192  10:58  Baneling x3  
  192  10:59  Baneling  
  189  11:05  Drone x7  
  187  11:16  Baneling x5  
  187  11:17  Baneling x3  
  168  11:27  Zergling x2  
  168  11:28  Zergling x26  
  168  11:30  Zergling x6  
  176  11:35  Zergling x6  
  178  11:43  Zergling x24  
  178  11:44  Zerg Melee Weapons Level 2  
  178  11:46  Baneling x2  
  190  11:49  Spore Crawler  
  190  11:51  Baneling x3  
  188  11:56  Zergling x2  
  189  12:01  Zergling x2  
  189  12:02  Zergling x14  
  189  12:04  Baneling x10  
  189  12:05  Baneling x2  
  189  12:06  Greater Spire  
  189  12:07  Baneling x5  
  197  12:10  Baneling x6  
  197  12:20  Baneling x2  
  197  12:28  Zergling x6  
  200  12:34  Baneling  
  200  12:35  Baneling x2  
  200  12:41  Baneling x4  
  200  12:42  Baneling x7  
  182  12:52  Zergling x2  
  182  12:53  Zergling x14  
  182  12:56  Zergling x2  
  182  12:57  Zergling x18  
  169  13:03  Zergling x4  
  152  13:09  Zergling x10  
  152  13:10  Zergling x12  
  152  13:11  Baneling x2  
  136  13:21  Baneling x5  
  136  13:24  Zergling x2  
  136  13:25  Zergling x12  
  143  13:27  Zergling x4  
  143  13:32  Baneling x3  
  142  13:40  Zergling x2  
  142  13:41  Zergling x6  
  146  13:42  Baneling x2  
  146  13:43  Baneling x10  
  146  13:47  Zergling x4, Hatchery  
  147  13:50  Baneling, Hatchery  
  135  14:08  Zergling x16  
  143  14:11  Baneling x2  
  143  14:12  Baneling x5  
  143  14:14  Zergling x4  
  143  14:30  Swarm Host x5  
  143  14:31  Swarm Host x2  
  158  14:34  Baneling x3  
  143  14:44  Zergling x12  
  134  15:00  Spawning Pool  
  130  15:07  Swarm Host  
  130  15:08  Swarm Host x3  
  136  15:21  Swarm Host x2  
  135  15:26  Drone x3  
  135  15:27  Drone  
  145  15:32  Baneling x2  
  154  15:48  Zergling x10  
Show
View Real Time Build Order
Export as new Build Order

Hurricane Protoss - Winner!

Build Orders: 1 Gate Expand, Oracle Opening, Archon Immortal 

Get SALT Encoding   

  12  0:00  Probe  
  13  0:12  Probe  
  14  0:20  Pylon  
  14  0:24  Probe  
  15  0:38  Probe (Chrono Boost)  
  15  0:39  Gateway  
  16  0:47  Probe (Chrono Boost)  
  16  0:48  Assimilator  
  17  0:52  Probe (Chrono Boost)  
  18  1:04  Probe  
  19  1:16  Probe  
  20  1:24  Nexus  
  20  1:34  Cybernetics Core  
  20  1:37  Probe  
  21  1:42  Assimilator  
  21  1:49  Probe  
  22  1:54  Pylon  
  22  2:01  Probe  
  23  2:10  Adept (Chrono Boost)  
  23  2:13  Probe  
  26  2:17  Stargate  
  26  2:26  Probe (Chrono Boost), Warp Gate  
  26  2:29  Adept (Chrono Boost)  
  27  2:36  Probe (Chrono Boost)  
  30  2:43  Probe (Chrono Boost)  
  31  2:46  Probe (Chrono Boost)  
  31  2:47  Adept  
  31  2:50  Probe (Chrono Boost)  
  31  2:51  Probe (Chrono Boost)  
  36  3:03  Probe, Oracle (Chrono Boost)  
  36  3:05  Probe  
  41  3:16  Probe  
  41  3:17  Probe  
  41  3:18  Pylon  
  43  3:22  Gateway  
  43  3:28  Probe  
  43  3:29  Probe  
  43  3:33  Gateway  
  45  3:37  Oracle  
  45  3:40  Probe  
  49  3:45  Probe  
  49  3:47  Pylon  
  50  3:48  Assimilator  
  50  3:51  Adept (Chrono Boost)  
  52  3:59  Pylon  
  50  4:09  Probe x2  
  52  4:22  Pylon  
  50  4:26  Gateway  
  50  4:28  Phoenix  
  50  4:30  Probe x2  
  52  4:34  Robotics Facility  
  52  4:35  Adept x2, Assimilator  
  56  4:42  Probe  
  56  4:43  Pylon  
  56  4:45  Probe  
  58  4:54  Probe  
  58  4:57  Probe, Twilight Council  
  60  5:03  Adept x2  
  60  5:06  Probe  
  65  5:16  Probe  
  65  5:18  Probe  
  65  5:19  Warp Prism (Chrono Boost)  
  65  5:21  Gateway  
  69  5:23  Charge  
  69  5:25  Nexus  
  69  5:28  Pylon  
  69  5:32  Probe x2  
  71  5:37  Templar Archives  
  69  5:45  Probe  
  69  5:47  Adept x2  
  69  5:48  Adept  
  76  5:55  Probe  
  77  5:57  Probe  
  77  6:01  Immortal  
  82  6:07  Probe  
  83  6:11  Psionic Storm  
  83  6:13  Forge  
  83  6:15  Pylon  
  83  6:21  High Templar  
  83  6:29  Pylon  
  81  6:34  Gateway  
  81  6:35  High Templar x2, Sentry, Gateway  
  81  6:37  Gateway  
  81  6:39  Protoss Ground Weapons Level 1 (Chrono Boost)  
  83  6:41  Gateway  
  83  6:44  Zealot  
  85  6:52  Probe x2  
  85  6:54  Probe  
  88  6:57  Shield Battery  
  88  7:00  Zealot  
  90  7:04  Immortal (Chrono Boost)  
  94  7:12  Zealot x2  
  98  7:16  Probe x2  
  98  7:18  Probe  
  98  7:19  Assimilator x2  
  101  7:23  High Templar x2  
  101  7:28  Probe x2  
  107  7:31  Robotics Facility  
  107  7:36  Immortal (Chrono Boost)  
  107  7:42  Pylon  
  111  7:45  Probe x3  
  111  7:50  Pylon  
  114  7:52  Zealot  
  114  7:58  Pylon  
  114  8:00  Pylon  
  114  8:02  Photon Cannon  
  114  8:03  Pylon  
  114  8:06  High Templar x2  
  114  8:11  Zealot x4  
  130  8:12  Immortal (Chrono Boost)  
  128  8:26  Immortal (Chrono Boost)  
  128  8:33  Probe x3  
  135  8:38  Protoss Ground Weapons Level 2 (Chrono Boost)  
  135  8:41  Immortal (Chrono Boost)  
  135  8:44  Nexus  
  135  8:46  Pylon  
  139  8:51  Pylon  
  139  8:53  High Templar x2  
  139  8:54  Photon Cannon  
  143  8:56  Observer (Chrono Boost)  
  142  9:05  Zealot x2  
  142  9:06  Archon  
  142  9:07  Probe x3  
  145  9:13  Observer (Chrono Boost)  
  146  9:18  Photon Cannon, High Templar x2  
  146  9:20  Photon Cannon  
  146  9:21  Observer (Chrono Boost)  
  146  9:22  Shield Battery  
  151  9:31  Immortal  
  151  9:39  Warp Prism  
  151  9:42  High Templar x2  
  151  9:48  Zealot x2  
  151  9:49  Zealot x2  
  151  9:52  Gateway  
  159  9:53  Gateway  
  159  9:57  Archon, Assimilator  
  159  9:58  Photon Cannon  
  159  10:09  Immortal, Assimilator  
  163  10:15  Warp Prism  
  163  10:19  Archon  
  162  10:24  Photon Cannon x2  
  162  10:26  Photon Cannon  
  161  10:37  Zealot x8  
  170  10:49  Immortal  
  174  10:51  Protoss Ground Weapons Level 3 (Chrono Boost)  
  169  11:01  Zealot x4  
  169  11:02  Zealot x5  
  187  11:05  Pylon  
  187  11:07  Pylon  
  173  11:14  Immortal (Chrono Boost)  
  149  11:29  Zealot x3  
  149  11:30  High Templar x6  
  149  11:31  Immortal (Chrono Boost)  
  159  11:34  Archon x2  
  159  11:35  Archon  
  159  11:37  Probe x4  
  157  11:45  Zealot  
  161  11:56  Immortal (Chrono Boost)  
  161  11:58  High Templar x4  
  161  12:00  Zealot x2  
  173  12:04  Archon x2  
  173  12:06  Zealot x4  
  179  12:09  Immortal (Chrono Boost)  
  183  12:23  Nexus  
  183  12:27  Immortal (Chrono Boost)  
  187  12:35  High Templar x2  
  191  12:39  Archon  
  191  12:40  Zealot x4  
  183  12:54  Zealot x4  
  183  12:57  Archon x2  
  183  13:03  Zealot x2, High Templar x2  
  185  13:05  Immortal x2  
  185  13:12  Zealot x2  
  176  13:25  High Templar x4  
  176  13:26  Zealot x2  
  176  13:35  Blink  
  176  13:38  Probe x2  
  176  13:40  Probe x3  
  181  13:41  Pylon  
  181  13:42  Immortal x2 (Chrono Boost)  
  181  13:43  Zealot x4  
  197  13:50  Archon  
  185  14:08  Archon  
  183  14:10  High Templar x2  
  183  14:11  High Templar x2  
  183  14:14  Observer x2  
  185  14:19  Assimilator x2  
  185  14:20  Pylon  
  185  14:29  Zealot  
  185  14:30  Zealot x3  
  185  14:31  Zealot x2  
  189  14:40  Archon  
  189  14:41  Archon  
  171  14:47  Zealot x4  
  175  14:56  Fleet Beacon  
  175  14:58  Stargate, Zealot x6  
  181  15:00  Stargate  
  151  15:15  Probe x4  
  151  15:17  Pylon  
  151  15:19  Photon Cannon  
  155  15:21  Photon Cannon, Stalker x2  
  155  15:22  Stalker x5  
  155  15:23  Stalker x3  
  175  15:46  High Templar  
  175  15:47  High Templar x5  
  175  15:48  Zealot x4  
  195  15:51  Archon x3  

Tags
 
Add a new tag
Caveats
  • Supply blocks, unpowered buildings, or Contaminate may cause inaccurate times.
  • Supply counts are checked every 10 seconds.